 Dungeon Crawl Stone Soup version 0.30-a0-626-gd6a5dd7a1f (webtiles) character file.

Game seed: 17356532298978736412

543 KennySheep the Conjurer (level 7, -4/36 HPs)
             Began as a Deep Elf Conjurer on Jan 12, 2023.
             Slain by Duvessa
             ... wielding a +1 rapier of flaming
              (12 damage)
             ... on level 5 of the Dungeon.
             The game lasted 00:15:39 (4838 turns).

KennySheep the Conjurer (Deep Elf Conjurer)         Turns: 4838, Time: 00:15:40

Health: -4/36      AC:  5    Str:  4    XL:     7   Next: 6%
Magic:  1/16       EV: 12    Int: 33    God:
Gold:   227        SH:  0    Dex: 13    Spells: 5/16 levels left

rFire   . . .      SeeInvis .    z - +1 dagger of Unalas {heavy, Int+8}
rCold   . . .      Faith    .    (no shield)
rNeg    . . .      Spirit   .    a - +0 robe
rPois   .          Reflect  .    x - +0 helmet
rElec   .          Harm     .    (no cloak)
rCorr   .          Rampage  .    k - +0 pair of gloves
Will    .....                    w - +0 pair of boots
Stlth   ++                       m - amulet of the acrobat
HPRegen 0.26/turn                u - ring of flight
MPRegen 0.15/turn                (no ring)

@: flying
A: no striking features
a: no special abilities


You were on level 5 of the Dungeon.
You visited 1 branch of the dungeon, and saw 5 of its levels.

You collected 260 gold pieces.
You spent 33 gold pieces at shops.

Inventory:

Hand Weapons
 c - a +1 dagger
 z - the +1 dagger of Unalas (weapon) {heavy, Int+8}
   (You took it off a centaur on level 5 of the Dungeon)

   Int:       It affects your intelligence (+8).
Armour
 a - a +0 robe (worn)
 k - a +0 pair of gloves (worn)
 w - a +0 pair of boots (worn)
 x - a +0 helmet (worn)
Jewellery
 m - an amulet of the acrobat (around neck)
 u - a ring of flight (left hand)
Wands
 r - a wand of mindburst (17)
Scrolls
 d - a scroll of poison
 e - 2 scrolls of teleportation
 f - a scroll of enchant weapon
 g - a scroll of vulnerability
 i - a scroll of amnesia
 t - 2 scrolls of magic mapping
 y - a scroll of immolation
Potions
 b - a potion of magic
 h - a potion of resistance {unknown}
 j - a potion of mutation {unknown}
 n - a potion of might {unknown}
 o - 2 potions of lignification {unknown}
 p - a potion of experience {unknown}
 q - 2 potions of curing
 s - a potion of degeneration {unknown}
 v - a potion of heal wounds {unknown}


   Skills:
 - Level 2.4 Dodging
 - Level 2.4 Stealth
 + Level 5.0 Spellcasting
 + Level 6.3 Conjurations
 * Level 3.3 Hexes
 * Level 4.8 Translocations


You had 5 spell levels left.
You knew the following spells:

 Your Spells              Type           Power      Damage    Failure   Level
a - Magic Dart            Conj           100%       1d8       1%          1
b - Searing Ray           Conj           100%       2d8       1%          2
c - Iskenderun's Mystic   Conj/Tloc      45%        2d10      4%          4
d - Fulminant Prism       Conj/Hex       20%        3d12      6%          4

Your spell library contained the following spells:

 Spells                   Type           Power      Damage    Failure   Level
 Dazzling Flash           Conj/Hex       80%        N/A       1%          3
 Sublimation of Blood     Necr           8%         N/A       7%          2
 Wereblood                Tmut           8%         N/A       7%          2
 Summon Hydra             Summ           4%         N/A       100%        7


Dungeon Overview and Level Annotations

Branches:
Dungeon (5/15)
 Temple: D:4-7

Altars:

Shops:
D:1 *   D:4 ?::([

Annotations:
D:4 Eustachio
D:5 Duvessa


Message History

Duvessa is moderately wounded.
Duvessa barely misses you.
Your fulminant prism explodes!
The blast of energy engulfs Duvessa!
Duvessa is heavily wounded.
Something shouts, "Slither hence, thou droning ruttish bladder!"
Casting: Iskenderun's Mystic Blast (quite dangerous; 4% risk of failure)
Confirm with . or Enter, or press ? or * to list all spells.
Okay, then.
Casting: Iskenderun's Mystic Blast (quite dangerous; 4% risk of failure)
Confirm with . or Enter, or press ? or * to list all spells.
The spell is quite dangerous to miscast (6% risk of failure)!
Continue anyway?
Aiming: Fulminant Prism (quite dangerous; 6% risk of failure)
Press: ? - help, Dir - move target You conjure a prism of explosive energy!
A fulminant prism comes into view.
Duvessa hits you with a +1 rapier of flaming!
Duvessa burns you. Duvessa closely misses you.
You feel better.
Duvessa hits you with a +1 rapier of flaming!
Duvessa burns you.
Your fulminant prism crackles loudly.
You barely miss Duvessa.
Duvessa is heavily wounded.
Duvessa closely misses you. Duvessa barely misses you.
Your fulminant prism explodes!
The blast of energy engulfs Duvessa!!
Duvessa is almost dead.
An orc comes into view. It is wielding a +0 mace.
The orc shouts!
You hear a shout!
Aiming: Mindburst
Press: ? - help, Shift-Dir - straight line, f - Duvessa
Aim: Duvessa, wielding a +1 rapier of flaming and wearing a +0 ring mail (almost dead, berserk, chance to affect: 47%) Duvessa resists with some effort.
Duvessa hits you with a +1 rapier of flaming.
* * * LOW HITPOINT WARNING * * *
Duvessa burns you.
* * * LOW HITPOINT WARNING * * *
Duvessa hits you with a +1 rapier of flaming!
You die...

....>....## ##...................
..........###............#####.#.
.................#.##........###.
.................#.#####.........
.................#.# ........
.....##.#.......##.#### .......
....######............#. ......
#..## #.)............. ......
#..# #..(....@....... ...... ..
#........e....... #..
##....###...?...o ......#
##.....(. ... ....#### ....... .#
.... ....... .# ... ....... .#
....... ... .......


You could see Duvessa (berserk) and an orc.

Vanquished Creatures
  A centaur (D:5)
  Dowan (D:5)
  3 hounds
  A jelly (D:5)
  An orc priest (D:4)
  An iguana (D:5)
  An orc wizard (D:4)
  8 gnolls
  4 adders (D:2)
  An ufetubus (D:5)
  2 worms (D:2)
  A dart slug (D:1)
  5 orcs
  7 endoplasms
  3 giant cockroaches
  3 goblins
  6 hobgoblins
  9 jackals
  9 kobolds
  5 quokkas
  4 ball pythons
  4 bats
  4 frilled lizards
  9 rats
93 creatures vanquished.

Vanquished Creatures (others)
  4 fulminant prisms
  2 fungi (D:4)
6 creatures vanquished.

Grand Total: 99 creatures vanquished

Notes
Turn   | Place    | Note
-------+----------+-------------------------------------------
     0 | D:1      | KennySheep the Deep Elf Conjurer began the quest for the
                  | Orb.
     0 | D:1      | Reached XP level 1. HP: 10/10 MP: 6/6
   323 | D:1      | Reached skill level 1 in Translocations
   323 | D:1      | Reached XP level 2. HP: 15/15 MP: 5/8
   459 | D:1      | Learned a level 2 spell: Searing Ray
   853 | D:1      | Found Jiecix's General Store.
   858 | D:1      | Reached XP level 3. HP: 19/19 MP: 7/9
   876 | D:1      | Bought a scroll of teleportation for 33 gold pieces
  1478 | D:2      | Reached skill level 5 in Conjurations
  1947 | D:2      | Reached XP level 4. HP: 24/24 MP: 7/11
  1999 | D:2      | Learned a level 4 spell: Iskenderun's Mystic Blast
  2679 | D:3      | Reached XP level 5. HP: 28/28 MP: 9/13
  3449 | D:4      | Found Turruna's Book Shoppe.
  3464 | D:4      | Found Qefuig's Book Shoppe.
  3617 | D:4      | Reached skill level 6 in Conjurations
  3652 | D:4      | Learned a level 4 spell: Fulminant Prism
  3803 | D:4      | Found Birogg's Armour Emporium.
  3898 | D:4      | Reached skill level 1 in Hexes
  3927 | D:4      | Noticed Eustachio
  3982 | D:4      | Reached XP level 6. HP: 17/32 MP: 5/14
  4057 | D:4      | Found Unlatot's Weapon Boutique.
  4153 | D:4      | Found Uppumm's Magic Scroll Shoppe.
  4188 | D:5      | Entered Level 5 of the Dungeon
  4368 | D:5      | Identified the +1 dagger of Unalas {heavy, Int+8}
  4765 | D:5      | Noticed Dowan
  4766 | D:5      | Noticed Duvessa
  4785 | D:5      | Killed Dowan
  4786 | D:5      | Reached skill level 5 in Spellcasting
  4786 | D:5      | Reached XP level 7. HP: 36/36 MP: 11/16
  4838 | D:5      | Slain by Duvessa

Illustrated notes

Levels and vault maps discovered:
D:1:      shiori_shiawase, layout_basic, serial_shops, shop, st_stairs_4
D:2:      layout_loops_ring
D:3:      layout_loops_ring, minmay_misc_feat_hallway
D:4:      layout_cave_pools, serial_shops, shop, nicolae_shop_hallway_plus,
          kennysheep_mini_moat, shop, shop_statue, dreamdust_mushroom_princess,
          uniq_eustachio
D:5:      layout_cave_pools, serial_shops, nicolae_shop_stone,
          minmay_misc_feat_columns, corexii_item_surrounded_by_moat,
          kennysheep_cluttered_room, minivault_24, uniq_duvessa

Skill      XL: |  1  2  3  4  5  6 |
---------------+-------------------+-----
Translocations | 1 2 3 4 |  4.8
Conjurations   | 5 6 |  6.3
Spellcasting   | 4 5 |  5.0
Hexes          | 1 3 |  3.3
Dodging        | |  2.4
Stealth        | |  2.4

Action                   |  1- 3 |  4- 6 |  7- 9 || total
-------------------------+-------+-------+-------++-------
Melee: Unarmed           |     1 |       |       ||     1
       Dagger            |    20 |     1 |     1 ||    22
 Cast: Magic Dart        |    80 |    88 |       ||   168
       Searing Ray       |     1 |    15 |       ||    16
       Fulminant Prism   |       |     2 |     2 ||     4
       Iskenderun's Myst |       |       |     2 ||     2
Evoke: Wand              |       |       |     1 ||     1
  Use: Scroll            |       |     6 |       ||     6
       Potion            |       |     1 |     1 ||     2
Armor: Robe              |     6 |    12 |       ||    18
Dodge: Dodged            |    26 |    79 |     4 ||   109

Table legend: (Time is in decaauts)
 A = Elapsed time spent in this place.
 B = Non-inter-level travel time spent in this place.
 C = Inter-level travel time spent in this place.
 D = Time resting spent in this place.
 E = Time spent auto-exploring this place.
 F = Levels seen in this place.
 G = Mean time per level.
                   A        B        C        D        E       F      G
               +--------+--------+--------+--------+--------+-----+--------+
         Total |   4839 |   4661 |    178 |    452 |   3487 |   5 |  967.8 |
       Dungeon |   4839 |   4661 |    178 |    452 |   3487 |   5 |  967.8 |
               +--------+--------+--------+--------+--------+-----+--------+

Top non-repeatable levels by time:
     D:1: 1417 daAuts
     D:2: 1180 daAuts
     D:3: 982 daAuts
     D:5: 649 daAuts
     D:4: 608 daAuts
